 Dungeon Crawl Stone Soup version 0.22.1-2-g9c5b331 (webtiles) character file.

102 retrovino the Slasher (level 4, -1/34 HPs)
             Began as a Merfolk Gladiator on Dec 25, 2018.
             Killed from afar by an orc wizard (6 damage)
             ... with a magic dart
             ... on level 3 of the Dungeon.
             The game lasted 00:17:15 (2095 turns).

retrovino the Slasher (Merfolk Gladiator)           Turns: 2095, Time: 00:17:16

Health: -1/34      AC:  4    Str: 14    XL:     4   Next: 78%
Magic:  4/4        EV: 14    Int:  7    God:
Gold:   112        SH:  0    Dex: 16    Spells: 3/3 levels left

rFire    . . .     SeeInvis .   a - +0 long sword
rCold    . . .     Gourm    .   (no shield)
rNeg     . . .     Faith    .   b - +0 leather armour
rPois    .         Spirit   .   c - +0 helmet
rElec    .         Reflect  .   (no cloak)
rCorr    .         Harm     .   (no gloves)
MR       +....                  (no boots)
Stlth    +.........             (no amulet)
HPRegen  0.11/turn              o - ring of protection from magic
MPRegen  0.09/turn              (no ring)

@: lethally poisoned (-1 -> -2)
A: change form in water, swift swim, stealthy swim
a: no special abilities


You were on level 3 of the Dungeon.
You were very full.

You visited 1 branch of the dungeon, and saw 3 of its levels.

You collected 112 gold pieces.

Inventory:

Hand Weapons
 a - a +0 long sword (weapon)
 e - a +0 dagger
 x - a +3 flail of holy wrath
Missiles
 d - 3 throwing nets (quivered)
 j - 122 stones
 u - 10 arrows
Armour
 b - a +0 leather armour (worn)
 c - a +0 helmet (worn)
 f - a +0 chain mail
 l - a +0 robe
 t - a scarf of repulsion
 v - a +0 leather armour
 w - a +0 pair of gloves
Jewellery
 o - a ring of protection from magic (left hand)
Scrolls
 g - a scroll of teleportation {unknown}
 k - a scroll of remove curse {unknown}
 m - 2 scrolls of blinking {unknown}
Potions
 i - 3 potions of heal wounds {unknown}
 n - a potion of haste {unknown}
 p - a potion of degeneration {unknown}
 q - 5 potions of curing {unknown}
 r - a potion of invisibility {unknown}
 s - a potion of berserk rage {unknown}
Comestibles
 h - 4 rations


   Skills:
 + Level 2.7 Fighting
 + Level 4.8 Long Blades
 + Level 2.2 Throwing
 + Level 0.6 Armour
 + Level 4.6 Dodging
 + Level 0.2 Stealth


You had 3 spell levels left.
You didn't know any spells.
Your spell library was empty.

Dungeon Overview and Level Annotations

Branches:
Dungeon (3/15)

Altars:
Elyvilon
Nemelex Xobeh
Ru
Sif Muna
Vehumet


Message History

The adder misses you. The adder bites you.
The orc wizard hits you with a dagger.
* * * LOW HITPOINT WARNING * * *
You miss the adder.
The adder is moderately wounded.
You feel sick. The adder bites you but does no damage.
The orc wizard hits you with a dagger.
* * * LOW HITPOINT WARNING * * *
The adder bites you but does no damage.
Found 14 gold pieces.
You feel sick. The adder barely misses you.
The adder bites you but does no damage.
You feel sick.
The orc wizard mumbles some strange words.
The orc wizard seems to speed up.
The adder completely misses you.
You see here 14 gold pieces.
The orc wizard points at you and mumbles some strange words.
The magic dart hits you!
You die...

###.## #... #.....# #... #.....#
##... % #.....## #.... ..#
#......###.).. ... #......†.[....
# .. #...........##
)...#.#####.............
.......@$S..............
....#.#...o............. .
.....................
..###....##.......$.... ..
#....##...#.###.... .. .
.#.........#.###.#.. ....
#...........#.#...#..
#####..######.....#.........#####
#..............#..(#...)...##


You could see an orc wizard and an adder.

Vanquished Creatures
  2 adders (D:2)
  An ooze (D:3)
  2 dart slugs
  3 leopard geckos
  5 orcs (D:3)
  2 giant cockroaches
  6 goblins
  10 hobgoblins
  3 jackals (D:1)
  2 quokkas
  2 ball pythons
  7 bats
  2 frilled lizards
  11 kobolds
  5 rats
63 creatures vanquished.

Notes
Turn   | Place    | Note
-------+----------+-------------------------------------------
     0 | D:1      | retrovino the Merfolk Gladiator began the quest for the
                  | Orb.
     0 | D:1      | Reached XP level 1. HP: 16/16 MP: 1/1
    54 | D:1      | Reached XP level 2. HP: 19/22 MP: 2/2
   288 | D:1      | Reached XP level 3. HP: 21/28 MP: 3/3
   897 | D:2      | Found a white marble altar of Elyvilon.
   972 | D:2      | Reached XP level 4. HP: 27/34 MP: 4/4
  1099 | D:2      | Found a sacrificial altar of Ru.
  1099 | D:2      | Found a faded altar of an unknown god.
  1112 | D:2      | Found a radiant altar of Vehumet.
  1119 | D:2      | Found a sparkling altar of Nemelex Xobeh.
  1122 | D:2      | Found a faded altar of an unknown god.
  1927 | D:3      | Found a deep blue altar of Sif Muna.
  2095 | D:3      | Killed from afar by an orc wizard

Skill      XL: |  1  2  3 |
---------------+----------+-----
Long Blades    | 4 |  4.8
Fighting       | |  2.7
Throwing       | |  2.2
Armour         | |  0.6
Dodging        | |  4.6
Stealth        | |  0.2

Action                   |  1- 3 |  4- 6 || total
-------------------------+-------+-------++-------
Melee: Long sword        |   105 |    74 ||   179
  Use: Scroll            |     1 |       ||     1
  Eat: Ration            |     1 |     2 ||     3
Armor: Leather armour    |    46 |    37 ||    83
Dodge: Dodged            |   126 |    99 ||   225
       Rpst.: Long sword |    42 |    26 ||    68
